 Dungeon Crawl Stone Soup version 0.30-a0-1066-g63dfefce0d (webtiles) character file.

Game seed: 11358216702986930680

173 Zeldest the Insei (level 6, -8/76 HPs)
             Began as a Meteoran Hexslinger on Apr 13, 2023.
             Was a Plaything of Xom.
             Mangled by Pikel
             ... wielding a +0 whip of electrocution
              (13 damage)
             ... on level 4 of the Dungeon.
             The game lasted 00:01:51 (1032 turns).

Zeldest the Insei (Meteoran Hexslinger)             Turns: 1032, Time: 00:01:52

Health: -8/76      AC: 27    Str: 18    XL:     6   Next: 10%
Magic:  9/9        EV: -1    Int: 14    God:    Xom [......]
Gold:   120        SH:  0    Dex: 15    Spells: 6/7 levels left

rFire   + . .      SeeInvis .    l - +1 whip (venom)
rCold   . . .      Faith    .    (no shield)
rNeg    . . .      Spirit   .    t - melded +0 ring mail
rPois   +          Reflect  .    (helmet currently unavailable)
rElec   .          Rampage  .    (cloak currently unavailable)
rCorr   .          NoTele   +    (gloves currently unavailable)
Will    .....                    (boots currently unavailable)
Stlth   +                        d - amulet of regeneration
HPRegen 1.12/turn                n - +4 ring of protection
MPRegen 0.11/turn                r - ring "Uthrios" {Fly rF+ Str+4 Slay+2}

@: mighty, tree-form, glowing, constricted
A: stationary, stasis, torment immunity, boosted hp, sense surroundings 1,
otherworldly, glowing, explore regen
a: Renounce Religion


You were on level 4 of the Dungeon.
You worshipped Xom.
You were a very special plaything of Xom.
You were a tree.
You visited 1 branch of the dungeon, and saw 4 of its levels.

You collected 120 gold pieces.

Inventory:

Hand Weapons
 l - a +1 whip of venom (weapon)
Armour
 t - a +0 ring mail (melded)
Jewellery
 d - an amulet of regeneration (around neck)
 n - a +4 ring of protection (left branch)
 q - a +5 ring of evasion
 r - the ring "Uthrios" (right branch) {Fly rF+ Str+4 Slay+2}
   (You found it on level 4 of the Dungeon)

   [ring of flight]

   Str:       It affects your strength (+4).
   Slay:      It affects your accuracy & damage with ranged weapons and melee
   (+2).
   rF:        It protects you from fire.
   Fly:       It grants you flight.
Scrolls
 a - a scroll of enchant weapon {unknown}
 b - 3 scrolls of poison
 f - a scroll of identify {unknown}
 j - a scroll of vulnerability {unknown}
 k - a scroll of fear {unknown}
 o - a scroll of amnesia {unknown}
 p - a scroll of magic mapping {unknown}
 s - a scroll of teleportation {unknown}
Potions
 h - a potion of mutation {unknown}
 i - a potion of flight {unknown}
 m - a potion of resistance {unknown}


   Skills:
 + Level 3.3 Fighting
 - Level 2.1 Ranged Weapons
 - Level 2.4 Dodging
 * Level 4.9 Unarmed Combat
 - Level 1.3 Spellcasting
 - Level 3.6 Hexes


You had 6 spell levels left.
You knew the following spells:

 Your Spells              Type           Power      Damage    Failure   Level
a - Slow                  Hex            44%        N/A       6%          1

Your spell library contained the following spells:

 Spells                   Type           Power      Damage    Failure   Level
 Apportation              Tloc           0%         N/A       26%         1
 Inner Flame              Hex/Fire       6%         N/A       36%         3
 Portal Projectile        Hex/Tloc       12%        N/A       36%         3
 Cause Fear               Hex            5%         N/A       50%         4
 Animate Dead             Necr           0%         N/A       94%         4
 Alistair's Intoxication  Tmut/Pois      0%         N/A       100%        5
 Haunt                    Necr/Summ      0%         N/A       100%        7
 Infestation              Necr           0%         N/A       100%        8


Dungeon Overview and Level Annotations

Branches:
Dungeon (4/15) Zot: 1350   Temple (0/1) D:4

Altars:
Elyvilon
Xom

Annotations:
D:4 Pikel


Innate Abilities, Weirdness & Mutations

You are a tree.
Your roots penetrate the ground, keeping you stationary.
You cannot be teleported.
You are immune to unholy pain and torment.
Your maximum health is greatly increased.
Your equipment is partially melded.
You passively map a small area around you.
You are easily found by Zot.
You glow in the dark.
You regain HP and MP as you explore.


Message History

The lemure shouts!
You hit Pikel but do no damage.
Pikel is poisoned.
Pikel hits you with a +0 whip of electrocution!
The ball python barely misses you. The ball python grabs you.
The ball python constricts you.
You whack Pikel!
Pikel looks as sick as possible!
Pikel is moderately wounded.
The ball python closely misses you. The ball python constricts you.
Pikel barely misses you.
You barely miss Pikel.
Pikel is moderately wounded.
The ball python bites you but does no damage.
The ball python constricts you.
A giant cockroach comes into view.
Pikel hits you with a +0 whip of electrocution.
You hit Pikel.
Pikel looks as sick as possible!
Pikel is heavily wounded.
The ball python bites you but does no damage.
The ball python constricts you. Pikel hits you but does no damage.
You closely miss Pikel. You punch Pikel.
Pikel is severely wounded.
The ball python closely misses you. The ball python constricts you.
Pikel hits you but does no damage.
The ball python bites you but does no damage.
The ball python constricts you.
You closely miss Pikel.
Pikel is almost dead.
Pikel hits you with a +0 whip of electrocution!
You emit a cloud of colourful smoke!
You are electrocuted!!
* * * LOW HITPOINT WARNING * * *
The ball python bites you but does no damage.
The ball python constricts you.
It was a potion of lignification.
You turn into a tree.
Your +0 ring mail melds into your body.
Your roots penetrate the ground.
The ball python bites you but does no damage.
The ball python constricts you. Pikel hits you but does no damage.
You are electrocuted!
You die...
Xom chortles!

#.. .# ##.......... ,
,#.. .#.#.........., ,
##..#*.#.......# #..* ,
,
.##...)##........###..##
,
......g5).5B............
,
......g.ggg5............
,
.##....##gg.............
, *
##..##K#......#*#...## ,
,#..#♣#.#....## #.. ##
#...S#§##.....# ,, #.
#......##.#....#, , ,##
..........#.#...# , #
...........##...# *#
.............#..########
.................'......
,
........>.#......#......
, .......#......#......


You could see Pikel (extremely poisoned), 2 lemures, 2 gnolls, a giant
cockroach, 2 goblins and a ball python.

Vanquished Creatures
  A lemure (D:4)
  A jelly (D:4)
  Robin (D:4)
  An adder (D:3)
  A river rat (D:4)
  2 ball pythons
  8 endoplasms
  7 goblins
  5 hobgoblins
  3 kobolds
  3 bats (D:1)
  4 rats
37 creatures vanquished.

Vanquished Creatures (collateral kills)
  A dart slug (D:2)
1 creature vanquished.

Vanquished Creatures (others)
  2 plants (D:1)
2 creatures vanquished.

Grand Total: 40 creatures vanquished

Notes
Turn   | Place    | Note
-------+----------+-------------------------------------------
     0 | D:1      | Zeldest the Meteoran Hexslinger began the quest for the
                  | Orb.
     0 | D:1      | Reached XP level 1. HP: 16/16 MP: 3/3
   102 | D:1      | Reached skill level 1 in Unarmed Combat
   119 | D:1      | Reached XP level 2. HP: 14/23 MP: 5/5
   388 | D:1      | Reached skill level 2 in Unarmed Combat
   489 | D:1      | Glimpsed the power of Zot.
   519 | D:2      | Found a white marble altar of Elyvilon.
   559 | D:2      | Found a faded altar of an unknown god.
   563 | D:2      | Prayed at the altar of an unknown god.
   563 | D:2      | Became a worshipper of Xom the Chaotic
   587 | D:2      | XOM: silly message
   640 | D:2      | XOM: cast spell 'Summon Small Mammal'
   644 | D:2      | Reached XP level 3. HP: 23/29 MP: 6/6
   763 | D:4      | XOM: polymorph hound -> river rat
   765 | D:4      | Found a staircase to the Ecumenical Temple.
   765 | D:4      | XOM: enchant monster (bad)
   774 | D:4      | Reached skill level 3 in Unarmed Combat
   774 | D:4      | Reached XP level 4. HP: 36/36 MP: 7/7
   816 | D:4      | Identified the ring "Uthrios" {Fly rF+ Str+4 Slay+2}
   919 | D:4      | Noticed Grinder
   924 | D:4      | Grinder changed into Grinder the lemure
   924 | D:4      | Noticed Grinder
   924 | D:4      | XOM: polymorph Grinder -> Grinder the lemure
   930 | D:4      | Killed Grinder the lemure
   931 | D:4      | Reached skill level 4 in Unarmed Combat
   931 | D:4      | Reached XP level 5. HP: 40/45 MP: 8/8
   993 | D:4      | Noticed Robin
   997 | D:4      | Noticed a lemure
   998 | D:4      | XOM: stat loss: -1 Dex (13/14)
  1002 | D:4      | XOM: noise
  1006 | D:4      | Killed Robin
  1012 | D:4      | Reached XP level 6. HP: 33/51 MP: 9/9
  1018 | D:4      | Noticed Pikel
  1019 | D:4      | XOM: noise
  1031 | D:4      | XOM: smoke on damage
  1031 | D:4      | HP: 2/51 [Pikel/+0 whip of electrocution (18)]
  1032 | D:4      | Mangled by Pikel

Illustrated notes

Levels and vault maps discovered:
D:1:      saegor_arrival_simple_e, layout_loops_ring, hangedman_decor_points,
          amcnicky_mini_pool_small, serial_bayou_ford_a, chequers_big_river,
          minmay_pentomino_x4
D:2:      layout_rooms, basic_altar, hellmonk_ecumenical_altar_heavens_door
D:3:      layout_loops_ring, zin_treasury, nicolae_overflow_ecumenical_swirl,
          uniq_ijyb
D:4:      layout_gridville, minmay_temple_entry_tees, dk_noncrumbling_3,
          minmay_misc_feat_secret_circle, uniq_grinder, uniq_pikel, uniq_robin

Skill      XL: |  1  2  3  4 |
---------------+-------------+-----
Unarmed Combat | 1 2 3 4 |  4.9
Fighting       | 2 3 |  3.3
Ranged Weapons | |  2.1
Dodging        | |  2.4
Spellcasting   | |  1.3
Hexes          | |  3.6

Action                     |  1- 3 |  4- 6 || total
---------------------------+-------+-------++-------
  Melee: Whip              |    32 |    44 ||    76
         Punch             |       |     2 ||     2
   Fire: Sling             |    36 |       ||    36
    Use: Potion            |       |     2 ||     2
 Armour: Robe              |    13 |     2 ||    15
         Ring mail         |       |    59 ||    59
         Skin              |       |     2 ||     2
  Dodge: Dodged            |    31 |    52 ||    83

Table legend: (Time is in decaauts)
 A = Elapsed time spent in this place.
 B = Non-inter-level travel time spent in this place.
 C = Inter-level travel time spent in this place.
 D = Time resting spent in this place.
 E = Time spent auto-exploring this place.
 F = Levels seen in this place.
 G = Mean time per level.
                   A        B        C        D        E       F      G
               +--------+--------+--------+--------+--------+-----+--------+
         Total |   1048 |    989 |     59 |    141 |    562 |   4 |  262.0 |
       Dungeon |   1048 |    989 |     59 |    141 |    562 |   4 |  262.0 |
               +--------+--------+--------+--------+--------+-----+--------+

Top non-repeatable levels by time:
     D:1: 529 daAuts
     D:4: 273 daAuts
     D:2: 151 daAuts
     D:3: 93 daAuts
